 Dungeon Crawl Stone Soup version 0.28-a0-1638-g9123634e07 (webtiles) character file.

Game seed: 2707639756997129189

1792 ragingrage the Cleaver (level 9, -5/51 HPs)
             Began as a Gargoyle Artificer on Jan 25, 2022.
             Was a Follower of Okawaru.
             Slain by a boulder beetle (56 damage)
             ... on level 6 of the Dungeon.
             The game lasted 00:08:37 (8337 turns).

ragingrage the Cleaver (Gargoyle Artificer)         Turns: 8337, Time: 00:08:38

Health: -5/51      AC: 11    Str: 20    XL:     9   Next: 9%
Magic:  9/9        EV: 11    Int: 12    God:    Okawaru [*.....]
Gold:   248        SH:  0    Dex: 10    Spells: 8/8 levels left

rFire   . . .      SeeInvis .   a - +0 war axe
rCold   . . .      Faith    .   (no shield)
rNeg    + . .      Spirit   .   u - +1 leather armour {Will+}
rPois   ∞          Reflect  .   v - +0 helmet
rElec   +          Harm     .   (no cloak)
rCorr   .          Rampage  .   (no gloves)
Will    +....                   (no boots)
Stlth   +.........              (no amulet)
HPRegen 0.17/turn               (no ring)
MPRegen 0.11/turn               (no ring)

@: no status effects
A: sickness immunity, AC +6, negative energy resistance 1, electricity
resistance, torment resistance 1, petrification resistance
a: Renounce Religion, Heroism


You were on level 6 of the Dungeon.
You worshipped Okawaru.
Okawaru was aware of your devotion.
You visited 2 branches of the dungeon, and saw 7 of its levels.

You collected 248 gold pieces.

Inventory:

Hand Weapons
 a - a +0 war axe (weapon)
 b - a +0 hunting sling
Missiles
 h - 18 boomerangs
 n - 170 stones
Armour
 u - a +1 leather armour of willpower (worn)
 v - a +0 helmet (worn)
Wands
 c - a wand of flame (9) (quivered)
 d - a wand of charming (15)
 r - a wand of paralysis (2)
 w - a wand of iceblast (1)
Scrolls
 i - 2 scrolls of enchant armour {unknown}
 j - 6 scrolls of teleportation {unknown}
 k - 6 scrolls of identify {unknown}
 l - a scroll of immolation {unknown}
 m - a scroll of fear {unknown}
 o - 2 scrolls of vulnerability {unknown}
 p - 3 scrolls of enchant weapon {unknown}
 s - a scroll of fog {unknown}
 t - a scroll of noise {unknown}
Potions
 f - 2 potions of curing
 g - a potion of brilliance {unknown}
 q - a potion of might
 x - 2 potions of experience {unknown}
Miscellaneous
 e - a piece from Xom's chessboard (15/15)


   Skills:
 - Level 3.4 Fighting
 + Level 9.1 Axes
 - Level 2.1 Armour
 - Level 0.7 Dodging
 - Level 1.1 Stealth
 - Level 5.0 Evocations


You had 8 spell levels left.
You didn't know any spells.
Your spell library contained the following spells:

 Spells                   Type           Power      Damage    Failure   Level
 Ozocubu's Armour         Ice            0%         N/A       75%         3
 Metabolic Englaciation   Hex/Ice        0%         N/A       100%        5
 Simulacrum               Ice/Necr       Unusable   N/A       N/A         6

Dungeon Overview and Level Annotations

Branches:
Dungeon (6/15)             Temple (1/1) D:6

Altars:
Ashenzari
Dithmenos
Okawaru
Qazlal
Uskayaw
Yredelemnul
Zin


Innate Abilities, Weirdness & Mutations

You are immune to sickness and miasma.
Your stone body is resilient. (AC +6)
You are immune to poison.
You resist negative energy. (rN+)
You are resistant to electric shocks. (rElec)
You are resistant to unholy torment.
You are immune to petrification.


Message History

The sky beast barely misses you.
You hit the sky beast.
The sky beast is heavily wounded.
The sky beast barely misses you.
You completely miss the sky beast.
The sky beast is heavily wounded.
The sky beast hits you but does no damage.
You miss the sky beast.
The sky beast is heavily wounded.
The sky beast barely misses you.
You closely miss the sky beast.
The sky beast is heavily wounded.
The sky beast closely misses you.
You hit the sky beast.
The sky beast is severely wounded.
The sky beast hits you. The sky beast shocks you. You resist.
You slash the sky beast!
The sky beast is almost dead.
The sky beast hits you but does no damage.
You miss the sky beast.
The sky beast is almost dead.
The sky beast hits you but does no damage.
You slash the sky beast!
You kill the sky beast!
Okawaru accepts your kill.
Your Axes skill increases to level 9!
You see here a sky beast corpse.
You start resting.
An orc is nearby!
You start resting.
HP restored.
x - 2 puce potions The orc shouts!
You open the door.
A boulder beetle comes into view.
Found a shortbow and 27 gold pieces.
The boulder beetle curls into a ball and begins rolling!
The boulder beetle hits you!!!
Ouch! That really hurt!
You die...

#......###..#..........
###.....#..###......#..
##...#...#........#.#
#######...##..........####
#..............##..#......
#.#####...#....######.....
#.## ###################.
#†#$ #.....#.....#.....#.
#.#. #..@..#.....#.....#.
#.#) #.B#..#.†#..#..#..#.
#.#'###○.#..#..#..#..#..#.
#.#.°°°..#.....#.....#..##
#.#......#.....#.....#..#
#.####################..##
#..[....................##
#.......................#.
######################..#.


You could see a boulder beetle (rolling).

Vanquished Creatures
  Prince Ribbit (D:5)
  6 sky beasts
  An ogre (D:6)
  A black bear (D:6)
  A necrophage (D:4)
  A bullfrog (D:5)
  4 scorpions (D:6)
  A centaur zombie (D:6)
  A bullfrog skeleton (D:6)
  A bullfrog zombie (D:6)
  2 centaur skeletons (D:6)
  A hound (D:6)
  An orc priest (D:5)
  A jelly (D:6)
  3 iguanas
  A howler monkey skeleton (D:6)
  7 adders
  2 white imps (D:6)
  An ufetubus (D:3)
  3 dart slugs
  9 orcs
  5 endoplasms
  3 giant cockroaches
  7 goblins
  8 hobgoblins
  4 jackals
  3 quokkas
  4 ball pythons
  3 bats (D:2)
  5 frilled lizards
  6 kobolds
  4 rats
101 creatures vanquished.

Notes
Turn   | Place    | Note
-------+----------+-------------------------------------------
     0 | D:1      | ragingrage the Gargoyle Artificer began the quest for the
                  | Orb.
     0 | D:1      | Reached XP level 1. HP: 12/12 MP: 1/1
   598 | D:1      | Reached XP level 2. HP: 17/17 MP: 2/2
  1067 | D:1      | Found a faded altar of an unknown god.
  1279 | D:2      | Found a broken altar of Ashenzari.
  1454 | D:2      | Reached XP level 3. HP: 5/22 MP: 3/3
  2697 | D:3      | Reached XP level 4. HP: 22/28 MP: 4/4
  4019 | D:4      | Noticed a necrophage
  4105 | D:4      | Noticed a phantom
  4414 | D:4      | Killed a necrophage
  4415 | D:4      | Reached skill level 1 in Axes
  4415 | D:4      | Reached XP level 5. HP: 26/32 MP: 5/5
  4555 | D:5      | Entered Level 5 of the Dungeon
  4597 | D:5      | Noticed a sky beast
  4697 | D:4      | Killed a sky beast
  4698 | D:4      | Reached skill level 2 in Axes
  4698 | D:4      | Reached XP level 6. HP: 10/37 MP: 6/6
  5110 | D:5      | Noticed Prince Ribbit
  5126 | D:5      | Killed Prince Ribbit
  5127 | D:5      | Reached skill level 4 in Axes
  5127 | D:5      | Reached skill level 5 in Evocations
  5127 | D:5      | Reached XP level 7. HP: 28/41 MP: 7/7
  6048 | D:5      | Reached skill level 5 in Axes
  6658 | D:6      | Reached skill level 6 in Axes
  6658 | D:6      | Reached XP level 8. HP: 28/46 MP: 8/8
  6942 | D:6      | Found a staircase to the Ecumenical Temple.
  6975 | Temple   | Entered the Ecumenical Temple
  7003 | Temple   | Became a worshipper of Warmaster Okawaru
  7208 | D:6      | Found a shadowy altar of Dithmenos.
  7288 | D:6      | Reached skill level 7 in Axes
  7516 | D:6      | Reached * piety under Okawaru
  7804 | D:6      | Reached skill level 8 in Axes
  8161 | D:6      | Reached XP level 9. HP: 45/51 MP: 9/9
  8246 | D:6      | Reached skill level 9 in Axes
  8332 | D:6      | Noticed a boulder beetle
  8337 | D:6      | Slain by a boulder beetle

Illustrated notes

Levels and vault maps discovered:
D:1:      minmay_arrival_solitary_statue, layout_basic,
          dreamdust_ecumenical_altar_hidden_monk_grotto
D:2:      layout_loops_ring, basic_altar, minmay_tall_x
D:3:      layout_loops_corners, minmay_liquid_box, minmay_bisected
D:4:      layout_rooms, kennysheep_generic_room_16
D:5:      layout_basic, minivault_24, minmay_misc_feat_more_columns,
          uniq_prince_ribbit1
D:6:      kennysheep_windowed_halls, layout_cave_pools,
          mainiacjoe_overflow_cross_hatched, minmay_temple_entry_glassed_door,
          kennysheep_generic_room_7
Temple:   minmay_crystal_snake_temple

Skill      XL: |  1  2  3  4  5  6  7  8  9 |
---------------+----------------------------+-----
Evocations     | 3 4 5 |  5.0
Fighting       | 2 3 |  3.4
Axes           | 1 2 4 6 8 9 |  9.1
Armour         | |  2.1
Dodging        | |  0.7
Stealth        | |  1.1

Action                   |  1- 3 |  4- 6 |  7- 9 || total
-------------------------+-------+-------+-------++-------
Melee: Club              |   166 |       |       ||   166
       Punch             |     2 |     3 |     4 ||     9
       Staff             |     9 |   183 |    21 ||   213
       Hand axe          |       |       |   130 ||   130
       War axe           |       |       |   143 ||   143
 Fire: Hunting sling     |       |    14 |     1 ||    15
Evoke: Wand              |       |     8 |     1 ||     9
       Piece from Xom's  |       |     2 |       ||     2
  Use: Potion            |       |     3 |       ||     3
 Stab: Paralysed         |       |    13 |     3 ||    16
Armor: Chain mail        |   132 |   160 |       ||   292
       Leather armour    |     1 |     1 |   186 ||   188
       Skin              |     1 |       |       ||     1
Dodge: Dodged            |    68 |    65 |   135 ||   268

Table legend: (Time is in decaauts)
 A = Elapsed time spent in this place.
 B = Non-inter-level travel time spent in this place.
 C = Inter-level travel time spent in this place.
 D = Time resting spent in this place.
 E = Time spent auto-exploring this place.
 F = Levels seen in this place.
 G = Mean time per level.
                   A        B        C        D        E       F      G
               +--------+--------+--------+--------+--------+-----+--------+
         Total |   8455 |   8259 |    196 |   2148 |   4453 |   7 | 1207.9 |
       Dungeon |   8419 |   8243 |    176 |   2148 |   4441 |   6 | 1403.2 |
        Temple |     35 |     15 |     20 |      0 |     12 |   1 |   35.0 |
               +--------+--------+--------+--------+--------+-----+--------+

Top non-repeatable levels by time:
     D:6: 1907 daAuts
     D:5: 1797 daAuts
     D:2: 1431 daAuts
     D:1: 1293 daAuts
     D:3: 1174 daAuts
     D:4: 814 daAuts
  Temple: 35 daAuts
